Map: [ESL] Inside and Out

Players

Reynor - Winner!

  • Race: Zerg Zerg
  • Spawn Location: 7:00

Rattata

  • Race: Zerg Zerg
  • Spawn Location: 1:00

Event: DreamHack SC2 Masters 2022 Atlanta (Online)

VOD

Have the link to the VOD?

Description

Time

  • Played on: Sept. 30, 2022, 11:42 a.m.
  • Length: 4:24

All games in this series

Show
View Real Time Build Order
Export as new Build Order

Reynor Zerg - Winner!

Build Orders: Pool First 

Get SALT Encoding   

  12  0:00  Drone  
  13  0:12  Overlord  
  13  0:16  Drone  
  14  0:30  Drone x2  
  16  0:40  Spawning Pool  
  16  0:42  Drone  
  16  0:46  Drone  
  17  1:06  Hatchery  
  17  1:09  Extractor  
  17  1:10  Drone  
  16  1:27  Zergling x4  
  16  1:28  Zergling x2  
  16  1:31  Queen  
  21  1:38  Overlord  
  21  1:48  Drone  
  22  2:00  Zergling x2  
  23  2:07  Queen  
  25  2:10  Metabolic Boost  
  25  2:12  Zergling x2  
  26  2:18  Zergling x2  
  27  2:23  Zergling x2  
  27  2:29  Zergling x2  
  29  2:33  Zergling x2  
  30  2:40  Zergling x8  
  34  2:45  Overlord  
  34  2:50  Zergling x2  
  35  2:56  Zergling x2  
  36  3:04  Zergling x2  
  37  3:07  Zergling x2  
  37  3:12  Overlord  
  38  3:17  Zergling x10  
  38  3:18  Zergling x2  
  44  3:26  Overlord  
  44  3:31  Zergling x2  
  44  3:33  Zergling x2  
  46  3:37  Overlord  
  45  3:43  Zergling x2  
  45  3:48  Zergling x2  
  45  3:53  Zergling x6  
  45  3:55  Zergling x2  
  47  4:01  Zergling x4  
  47  4:02  Zergling x2  
Show
View Real Time Build Order
Export as new Build Order

Rattata Zerg 

Build Orders: Hatch First 

Get SALT Encoding   

  12  0:00  Drone  
  13  0:12  Overlord  
  13  0:16  Drone  
  14  0:30  Drone x2  
  16  0:46  Hatchery  
  15  0:50  Drone  
  15  0:53  Drone  
  17  1:08  Spawning Pool, Extractor  
  15  1:12  Drone  
  15  1:15  Drone  
  17  1:19  Drone  
  18  1:28  Drone  
  19  1:38  Drone  
  20  1:51  Drone  
  20  1:54  Queen, Evolution Chamber  
  20  1:58  Queen  
  20  1:59  Zergling x4  
  26  2:11  Overlord  
  26  2:13  Drone  
  27  2:21  Zerg Missile Weapons Level 1  
  27  2:27  Drone  
  27  2:30  Drone  
  27  2:34  Drone x2  
  29  2:46  Drone  
  29  2:47  Drone  
  29  2:50  Roach Warren  
  30  2:52  Evolution Chamber  
  30  2:55  Drone x2  
  31  3:03  Drone x2  
  33  3:07  Overlord  
  33  3:11  Overlord  
  32  3:20  Drone  
  33  3:30  Roach  
  33  3:31  Roach x3  
  33  3:33  Evolution Chamber  
  42  3:36  Roach  
  48  3:41  Roach x2  
  48  3:45  Evolution Chamber  
  48  3:48  Evolution Chamber  
  44  3:51  Roach x2  
  46  4:02  Roach  
Tags
 
Add a new tag
Caveats
  • Supply blocks, unpowered buildings, or Contaminate may cause inaccurate times.
  • Supply counts are checked every 10 seconds.